 Dungeon Crawl Stone Soup version 0.30-a0-845-g7c6808c8ce (webtiles) character file.

Game seed: 4415258029244983460

192 lunkers the Slasher (level 6, 0/51 HPs)
             Began as a Meteoran Fighter on Mar 2, 2023.
             Slain by Sigmund
             ... wielding a +0 scythe
              (4 damage)
             ... on level 2 of the Dungeon.
             The game lasted 00:05:05 (1374 turns).

lunkers the Slasher (Meteoran Fighter)              Turns: 1374, Time: 00:05:06

Health: 0/51       AC:  9    Str: 17    XL:     6   Next: 23%
Magic:  7/7        EV:  9    Int:  9    God:
Gold:   95         SH:  5    Dex: 17    Spells: 5/5 levels left

rFire   . . .      SeeInvis .    n - +3 dagger (holy)
rCold   . . .      Faith    .    c - +0 buckler
rNeg    . . .      Spirit   .    b - +0 scale mail
rPois   .          Reflect  .    d - +1 helmet
rElec   .          Rampage  .    (no cloak)
rCorr   .                        (no gloves)
Will    .....                    (no boots) Stlth
                                 (no amulet)
HPRegen 0.28/turn                (no ring)
MPRegen 0.10/turn                (no ring)

@: on berserk cooldown, slowed, glowing, very slow
A: sense surroundings 1, otherworldly, glowing, explore regen
a: no special abilities


You were on level 2 of the Dungeon.
You visited 1 branch of the dungeon, and saw 3 of its levels.

You collected 95 gold pieces.

Inventory:

Hand Weapons
 a - a +0 long sword
 n - a +3 dagger of holy wrath (weapon)
Armour
 b - a +0 scale mail (worn)
 c - a +0 buckler (worn)
 d - a +1 helmet (worn)
Scrolls
 f - a scroll of noise
Potions
 i - a potion of degeneration
 j - a potion of resistance
 k - a potion of haste
 m - a potion of attraction


   Skills:
 - Level 3.2 Fighting
 * Level 1.7(4.1) Short Blades
 - Level 6.5(6.7) Long Blades
 - Level 3.6 Armour
 - Level 3.6 Shields


You had 5 spell levels left.
You didn't know any spells.
Your spell library contained the following spells:

 Spells                   Type           Power      Damage    Failure   Level
 Manifold Assault         Tloc           0%         N/A       100%        4
 Dispersal                Tloc           0%         N/A       100%        6
 Disjunction              Tloc           0%         N/A       100%        8


Dungeon Overview and Level Annotations

Branches:
Dungeon (3/15) Zot: 387

Altars:
Qazlal

Annotations:
D:2 Sigmund


Innate Abilities, Weirdness & Mutations

You passively map a small area around you.
You are easily found by Zot.
You glow in the dark.
You regain HP and MP as you explore.


Message History

You are exhausted.
You feel yourself slow down.
Sigmund hits you from afar with a +0 scythe!
* * * LOW HITPOINT WARNING * * *
You bump into the rock wall.
Sigmund mumbles some strange words.
Sigmund flickers and vanishes!
Deactivating autopickup; reactivate with Ctrl-A.
Unknown command.
You are too confused!
Okay, then.
You are too confused!
You're too confused to move!
Something hits you!
* * * LOW HITPOINT WARNING * * *
Okay, then.
You're too confused to move!
You hear some strange, mumbled words.
A puff of flame appears from out of thin air!
The puff of flame hits you.
* * * LOW HITPOINT WARNING * * *
You bump into the rock wall.
You feel less confused.
You feel a little less mighty now. Something hits you but does no damage.
As you read the scroll labelled GELOGEADDO, it crumbles to dust.
You hear a loud clanging noise!
It was a scroll of noise.
Something hits you but does no damage.
The air fills with toxic fumes!
As you read the scroll labelled MEIMOL BELAMA, it crumbles to dust.
It was a scroll of poison.
Something hits you but does no damage.
As you read the scroll labelled BIRUECO IGYAMO, it crumbles to dust.
It is a scroll of enchant armour.
Your +0 helmet glows green for a moment.
Something hits you but does no damage.
As you read the scroll labelled GOUSME CIHIXI, it crumbles to dust.
The scroll dissolves into smoke.
It was a scroll of fog.
Something hits you but does no damage. Something hits you but does no damage.
Something hits you but does no damage. Something hits you.
You die...

..# #...# ..#
#§§○# ..#
#§§§# ..# *
§☼§* .## *
,,,§§§ ## , ,
#r#* # * *, **
* #{# # * #☼#
# ** #@# ###
#§# ..#, *
##§# ### #○☼#
..### * #○##
#.#...# #§#
#.# #...#####
#§# #'#
*#.).[.###§###
..#
#####)>.....#


You could see a rat.

Vanquished Creatures
  A scorpion (D:3)
  Robin (D:2)
  2 adders (D:2)
  A worm (D:2)
  2 dart slugs (D:2)
  7 orcs (D:3)
  11 ball pythons
  3 endoplasms
  2 giant cockroaches
  10 goblins
  9 hobgoblins
  8 jackals
  11 kobolds
  3 quokkas
  3 bats
  4 frilled lizards
  5 rats
83 creatures vanquished.

Notes
Turn   | Place    | Note
-------+----------+-------------------------------------------
     0 | D:1      | lunkers the Meteoran Fighter began the quest for the Orb.
     0 | D:1      | Reached XP level 1. HP: 19/19 MP: 2/2
    75 | D:1      | Reached skill level 3 in Long Blades
    75 | D:1      | Reached XP level 2. HP: 24/26 MP: 3/3
   228 | D:1      | Reached XP level 3. HP: 31/31 MP: 4/4
   266 | D:1      | Reached skill level 4 in Long Blades
   501 | D:2      | Reached XP level 4. HP: 34/38 MP: 5/5
   632 | D:2      | Reached skill level 5 in Long Blades
   862 | D:2      | Reached XP level 5. HP: 36/45 MP: 6/6
   981 | D:3      | Found a stormy altar of Qazlal.
   999 | D:3      | Reached skill level 6 in Long Blades
  1167 | D:3      | Reached XP level 6. HP: 47/51 MP: 7/7
  1241 | D:3      | Noticed Robin
  1270 | D:3      | Reached skill level 1 in Short Blades
  1310 | D:2      | Killed Robin
  1352 | D:2      | Noticed Sigmund
  1366 | D:2      | HP: 1/51 [something/puff of flame (4)]
  1374 | D:2      | Slain by Sigmund

Illustrated notes

Levels and vault maps discovered:
D:1:      dpeg_arrival_arbitrary_a, layout_loops_ring
D:2:      minmay_chambers_of_ones, layout_rooms, uniq_sigmund
D:3:      layout_basic, fedhas_altar_fruit_tree, mainiacjoe_overflow_alcove_2,
          minmay_misc_feat_pillars, serial_bayou_lagoon_a, uniq_robin

Skill      XL: |  1  2  3  4  5  6 |
---------------+-------------------+-----
Long Blades    | 3 4 5 6 |  6.5
Short Blades   | 1 |  1.7
Fighting       | |  3.2
Armour         | |  3.6
Shields        | |  3.6

Action                     |  1- 3 |  4- 6 || total
---------------------------+-------+-------++-------
  Melee: Long sword        |    96 |   110 ||   206
         Dagger            |       |    75 ||    75
    Use: Scroll            |       |     9 ||     9
         Potion            |       |     2 ||     2
 Armour: Scale mail        |    56 |    81 ||   137
  Dodge: Dodged            |    49 |    58 ||   107
  Block: Buckler           |    30 |    40 ||    70

Table legend: (Time is in decaauts)
 A = Elapsed time spent in this place.
 B = Non-inter-level travel time spent in this place.
 C = Inter-level travel time spent in this place.
 D = Time resting spent in this place.
 E = Time spent auto-exploring this place.
 F = Levels seen in this place.
 G = Mean time per level.
                   A        B        C        D        E       F      G
               +--------+--------+--------+--------+--------+-----+--------+
         Total |   1410 |   1348 |     62 |      0 |    782 |   3 |  470.0 |
       Dungeon |   1410 |   1348 |     62 |      0 |    782 |   3 |  470.0 |
               +--------+--------+--------+--------+--------+-----+--------+

Top non-repeatable levels by time:
     D:2: 589 daAuts
     D:1: 482 daAuts
     D:3: 339 daAuts
